 Dungeon Crawl Stone Soup version 0.25-a0-565-g8875c97ebb (console) character file.

Game seed: 4572174400635392272, levelgen mode: classic

1855 Duffy the Magician (level 8, 49/49 HPs)
             Began as a Deep Elf Conjurer on Feb 26, 2020.
             Quit the game on level 7 of the Dungeon.
             The game lasted 00:08:47 (7241 turns).

Duffy the Magician (Deep Elf Conjurer)              Turns: 7241, Time: 00:08:47

Health: 49/49      AC: 12    Str: 12    XL:     8   Next: 89%
Magic:  34/38      EV: 15    Int: 27    God:
Gold:   139        SH:  0    Dex: 15    Spells: 13/20 levels left

rFire    . . .     SeeInvis .   E - +8 falchion "Glorpo" {vorpal, Str+7}
rCold    . . .     Gourm    .   (no shield)
rNeg     . . .     Faith    .   v - +6 leather armour "Jinom" {MR++ rCorr Int+4 Slay-2}
rPois    .         Spirit   .   (no helmet)
rElec    .         Reflect  .   (no cloak)
rCorr    +         Harm     +   (no gloves)
MR       ++...                  t - +2 pair of boots
Stlth    +++.......             l - amulet of harm
HPRegen  0.16/turn              b - ring of magical power
MPRegen  0.26/turn              D - ring of magical power

@: no status effects
A: no striking features
a: no special abilities


You were on level 7 of the Dungeon.
You were not hungry.

You visited 2 branches of the dungeon, and saw 8 of its levels.
You also visited: Sewer.

You collected 359 gold pieces.
You spent 220 gold pieces at shops.

Inventory:

Hand Weapons
 u - a +2 dagger of electrocution
 E - the +8 falchion "Glorpo" (weapon) {vorpal, Str+7}
   (You found it on level 7 of the Dungeon)

   It inflicts extra damage upon your enemies.
   It affects your strength (+7).
Armour
 t - a +2 pair of boots (worn)
 v - the +6 leather armour "Jinom" (worn) {MR++ rCorr Int+4 Slay-2}
   (You found it on level 4 of the Dungeon)

   It affects your intelligence (+4).
   It affects your accuracy and damage with ranged weapons and melee attacks
   (-2).
   It affects your resistance to hostile enchantments.
   It provides partial protection from all sources of acid and corrosion.
   If you remove this armour, your AC will decrease by 9 (12 -> 3).
Jewellery
 b - a ring of magical power (left hand)
 e - an uncursed ring of see invisible
 l - an amulet of harm (around neck)
 n - an uncursed ring of resist corrosion
 p - a +1 ring of protection
 D - a ring of magical power (right hand)
Wands
 q - a wand of digging (7)
 B - a wand of paralysis (7)
Scrolls
 a - a scroll of blinking
 d - 5 scrolls of teleportation
 g - a scroll of acquirement {unknown}
 m - 3 scrolls of noise
 r - a scroll of amnesia
 s - 2 scrolls of magic mapping
 w - 2 scrolls of random uselessness
 x - 3 scrolls of remove curse
 y - a scroll of holy word {unknown}
Potions
 f - 4 potions of curing {unknown}
 h - a potion of might
 i - a potion of brilliance
 j - 2 potions of stabbing
 k - 3 potions of mutation
 o - a potion of ambrosia
 A - a potion of haste {unknown}
 C - a potion of lignification {unknown}
Comestibles
 c - 8 rations
 z - 3 chunks of flesh


   Skills:
 - Level 5.0 Fighting
 - Level 6.3 Dodging
 - Level 5.5 Stealth
 + Level 6.9 Spellcasting
 + Level 6.9 Conjurations
 - Level 3.0 Translocations


You had 13 spell levels left.
You knew the following spells:

 Your Spells              Type           Power        Failure   Level  Hunger
h - Magic Dart            Conj           ####         1%          1    None
j - Searing Ray           Conj           #####.       1%          2    None
k - Iskenderun's Mystic   Conj/Tloc      #####...     10%         4    ###....

Your spell library contained the following spells:

 Spells                   Type           Power        Failure   Level  Hunger
 Apportation              Tloc           ####..       2%          1    None
 Dazzling Flash           Conj/Hex       ####..       5%          3    None
 Animate Skeleton         Necr           N/A          8%          1    None
 Corona                   Hex            #......      8%          1    None
 Summon Small Mammal      Summ           #...         8%          1    None
 Fulminant Prism          Conj/Hex       ####......   19%         4    ###....


Dungeon Overview and Level Annotations

Branches:
Dungeon (7/15)             Temple (1/1) D:7           Sewer (visited)

Altars:
Ashenzari
Dithmenos
Elyvilon
Gozag
Hepliaklqana
Kikubaaqudgha
Qazlal
Ru
Trog
Vehumet
Wu Jian
Xom
Yredelemnul
The Shining One

Shops:
D:4 ?

Annotations:
D:5 1 exclusion, Pikel


Message History

Unknown command.
Unknown command.
Unknown command.
You escape the ball python's grasp.
Cast which spell? (? or * to list)
You erupt in a blast of force!
The mystic blast hits the ball python.
You kill the ball python!
Unknown command.
A worker ant comes into view.
A worker ant is nearby!
Unknown command.
Your magical contamination has completely faded away.
Cast which spell? (? or * to list)
You can't see any susceptible monsters within range! (Use Z to cast anyway.) Cast which spell? (? or * to list)
You erupt in a blast of force!
The mystic blast hits the worker ant!
The worker ant is severely wounded.
The worker ant twitches its antennae in your direction.
The worker ant is knocked back by the mystic blast.
Are you sure you want to abandon this character and quit the game? (Confirm with "yes".)

# ### ..> ###
#.# .a# #.# #.#
#.# #.# #.# #@#
#.# #. #.# #.#
#. #.# #.#
#.########.#
#'###
#........#.###
....#
#..#####.#...##
....#
#.............#
....#
##.#..........#
....#
#.#.#.#.###.##


You could see a worker ant.

Vanquished Creatures
  Eustachio (D:5)
  Menkaure (D:7)
  Duvessa (D:7)
  A water moccasin (Temple)
  Purgy (Sewer)
  4 slaves
  2 sky beasts
  An ogre (D:6)
  2 centaurs (D:5)
  Dowan (D:7)
  A scorpion (D:6)
  A crimson imp (D:6)
  A quasit (D:6)
  A hound (D:7)
  2 jellies
  A centaur skeleton (D:7)
  4 orc wizards
  6 worker ants
  A hound zombie (D:6)
  2 worker ant zombies (D:5)
  7 gnolls (D:7)
  4 adders
  3 river rats (D:6)
  2 shadow imps
  2 oozes
  An adder skeleton (D:5)
  2 worms
  2 dart slugs
  2 leopard geckos
  12 orcs
  2 ball pythons
  6 bats
  6 giant cockroaches
  9 hobgoblins
  18 jackals
  11 kobolds
  2 quokkas
  7 frilled lizards
  4 goblins
  A leopard gecko skeleton (D:4)
  A leopard gecko zombie (D:5)
  A quokka skeleton (D:4)
  A quokka zombie (D:7)
  8 rats
149 creatures vanquished.

Notes
Turn   | Place    | Note
-------+----------+-------------------------------------------
     0 | D:1      | Duffy the Deep Elf Conjurer began the quest for the Orb.
     0 | D:1      | Reached XP level 1. HP: 10/10 MP: 6/6
    99 | D:1      | Reached XP level 2. HP: 13/15 MP: 2/8
  1128 | D:2      | Reached XP level 3. HP: 17/19 MP: 10/10
  1145 | D:2      | Learned a level 2 spell: Searing Ray
  2186 | D:3      | Found an ornate altar of the Wu Jian Council.
  2241 | D:3      | Reached XP level 4. HP: 24/24 MP: 11/11
  2247 | D:3      | Learned a level 4 spell: Iskenderun's Mystic Blast
  2421 | D:3      | Reached skill level 5 in Conjurations
  2571 | D:3      | Reached XP level 5. HP: 28/28 MP: 13/13
  2832 | D:4      | Got a scorched leather armour
  2843 | D:4      | Identified the +6 leather armour "Jinom" {MR++ rCorr Int+4
                  | Slay-2} (You found it on level 4 of the Dungeon)
  2900 | D:4      | Found a sacrificial altar of Ru.
  2999 | D:4      | Found a shattered altar of Ashenzari.
  3265 | D:4      | Found Voedeuva's Magic Scroll Shoppe.
  3270 | D:4      | Bought a scroll of blinking for 97 gold pieces
  3270 | D:4      | Bought a scroll of identify for 26 gold pieces
  3270 | D:4      | Bought a scroll of noise for 13 gold pieces
  3270 | D:4      | Bought a scroll of magic mapping for 45 gold pieces
  3270 | D:4      | Bought a scroll of random uselessness for 13 gold pieces
  3270 | D:4      | Bought a scroll of identify for 26 gold pieces
  3678 | D:5      | Entered Level 5 of the Dungeon
  3701 | D:5      | Noticed a centaur
  3720 | D:5      | Killed a centaur
  3720 | D:5      | Reached XP level 6. HP: 32/32 MP: 15/15
  3778 | D:5      | Found a glowing golden altar of the Shining One.
  3887 | D:5      | Noticed a sky beast
  3892 | D:5      | Killed a sky beast
  3892 | D:5      | Reached skill level 5 in Stealth
  3892 | D:5      | Reached skill level 5 in Spellcasting
  4346 | D:5      | Noticed a slave
  4355 | D:5      | Killed a slave
  4375 | D:5      | Noticed a slave
  4389 | D:5      | Killed a slave
  4425 | D:5      | Noticed a slave
  4439 | D:5      | Killed a slave
  4474 | D:5      | Noticed a slave
  4479 | D:5      | Noticed Pikel
  4524 | D:6      | Reached skill level 5 in Dodging
  4525 | D:6      | Killed a slave
  4550 | D:6      | Reached XP level 7. HP: 36/36 MP: 17/17
  4580 | D:6      | Found a glowing drain.
  4586 | Sewer    | Entered a sewer
  4649 | Sewer    | Noticed Purgy
  4659 | Sewer    | Killed Purgy
  4659 | Sewer    | Reached skill level 1 in Fighting
  5461 | D:5      | Found a basalt altar of Yredelemnul.
  5475 | D:5      | Reached XP level 8. HP: 46/46 MP: 18/18
  5763 | D:5      | Noticed Eustachio
  5771 | D:5      | Killed Eustachio
  6532 | D:7      | Noticed Menkaure
  6537 | D:7      | Killed Menkaure
  6537 | D:7      | Reached skill level 5 in Fighting
  6596 | D:7      | Found a staircase to the Ecumenical Temple.
  6639 | Temple   | Entered the Ecumenical Temple
  6838 | D:7      | Noticed Duvessa
  6840 | D:7      | Noticed Dowan
  6849 | D:7      | Killed Duvessa
  6849 | D:7      | Reached skill level 1 in Translocations
  6959 | D:7      | Killed Dowan
  7169 | D:7      | Got a crude falchion
  7170 | D:7      | Identified the +8 falchion "Glorpo" {vorpal, Str+7} (You
                  | found it on level 7 of the Dungeon)
  7241 | D:7      | Quit the game

Levels and vault maps discovered:
D:1:      dpeg_arrival_water_temple_mockup, layout_loops_ring
D:2:      layout_basic
D:3:      layout_rooms, lemuel_crystal_altar
D:4:      layout_basic, kennysheep_mini, ashenzari_altar_1, serial_shops, shop,
          wad_floor_pattern_1
D:5:      layout_basic, yredelemnul_altar_generic,
          amethyst_overflow_temple_binary, first_ration, tso_metal_star,
          uniq_crazy_yiuf_cottage, uniq_pikel, uniq_eustachio
D:6:      layout_layer_cave, lightli_sewer_entry_pipes
D:7:      layout_basic, eat_drink_and_be_merry_uskayaw,
          minmay_temple_entry_water_ring, chequers_serial_rivers_large_a,
          uniq_maggie, uniq_duvessa, uniq_menkaure
Temple:   jpeg_temple_island

Skill      XL: |  1  2  3  4  5  6  7  8 |
---------------+-------------------------+-----
Stealth        | 3 4 5 |  5.5
Dodging        | 3 4 5 6 |  6.3
Spellcasting   | 4 5 6 |  6.9
Conjurations   | 5 6 |  6.9
Fighting       | 3 5 |  5.0
Translocations | 3 |  3.0

Action                   |  1- 3 |  4- 6 |  7- 9 || total
-------------------------+-------+-------+-------++-------
 Cast: Magic Dart        |    90 |    81 |   116 ||   287
       Searing Ray       |     1 |    14 |    24 ||    39
       Iskenderun's Myst |       |       |     2 ||     2
  Use: Scroll            |     3 |     6 |       ||     9
  Eat: Chunk             |     4 |     6 |     9 ||    19
Armor: Robe              |     2 |       |       ||     2
       Leather armour    |       |     5 |    27 ||    32
Dodge: Dodged            |    20 |    20 |    45 ||    85

Table legend:
 A = Non-vault XP
 B = Vault XP
 C = Vault XP percentage of total XP
 D = Non-vault monster count
 E = Vault monster count
 F = Vault count percentage of total count
                 A         B        C        D         E       F
            +---------+---------+-------+---------+---------+-------
      Total |    1859 |     792 |  29.9 |     129 |      16 |  11.0
            +---------+---------+-------+---------+---------+-------
        D:1 |      35 |       0 |   0.0 |      18 |       0 |   0.0
        D:2 |      32 |       0 |   0.0 |      10 |       0 |   0.0
        D:3 |     142 |       0 |   0.0 |      32 |       0 |   0.0
        D:4 |      77 |       0 |   0.0 |       6 |       0 |   0.0
        D:5 |     483 |     196 |  28.9 |      21 |       1 |   4.5
        D:6 |     482 |      54 |  10.1 |      15 |       6 |  28.6
        D:7 |     412 |     403 |  49.4 |      23 |       3 |  11.5
     Temple |     196 |       0 |   0.0 |       4 |       0 |   0.0
      Sewer |       0 |     139 | 100.0 |       0 |       6 | 100.0
            +---------+---------+-------+---------+---------+-------
